AoeStats
← ikarus492

Arena

510978272Analyzed
3v3 RM · 9h ago on Oct 3, 2026· 56m 2s· 6 players
Game mode
Random Map
Map size
Normal (6 player)
Population
200
Speed
Normal
Resources
Standard
Victory
Conquest
Starting age
Dark Age
Ending age
Imperial Age
RankedLock teamsTeams togetherTeam positionsShared explorationLock speedFull tech treeHidden civsTurbo modeCheats
Victory
Defeat
🇨🇳 Bulgarians · China
874
+11
🇸🇪 Dravidians · Sweden
871
+11
🇮🇳 Britons · India
722
+18
🇦🇹 Ethiopians · Austria
788
-14
🇩🇪 Tupi · Germany
763
-13
🇹🇷 Chinese · Türkiye
745
-13
ikarus492
11:17 Feudal Age
9:33 Loom
12:22 Double-Bit Axe
12:19 Horse Collar
18:10 Castle Age
17:17 Stone Mining
21:23 Heavy Plow
23:10 Town Watch
25:04 Stone Shaft Mining
25:07 Crossbowman
25:53 Thumb Ring
27:01 Padded Archer Armor
26:53 Fletching
29:39 Gold Mining
32:06 Caravan
35:08 Bow Saw
36:03 Gold Shaft Mining
39:46 Imperial Age
38:06 Leather Archer Armor
37:47 Bodkin Arrow
42:34 Royal Heirs
44:50 Conscription
jbwermers
9:54 Feudal Age
10:38 Horse Collar
10:46 Double-Bit Axe
19:02 Castle Age
18:20 Stone Mining
18:27 Gold Mining
20:32 Bow Saw
20:28 Heavy Plow
23:23 Gold Shaft Mining
23:43 Wheelbarrow
25:54 Hand Cart
25:16 Pikeman
25:42 Arson
25:59 Squires
29:09 Elite Skirmisher
31:30 Fletching
31:40 Padded Archer Armor
34:14 Imperial Age
32:48 Bodkin Arrow
33:09 Leather Archer Armor
32:55 Scale Mail Armor
33:06 Forging
34:39 Capped Ram
35:52 Conscription
35:39 Bracer
36:10 Ring Archer Armor
36:17 Heated Shot
36:48 Ballistics
37:29 Chemistry
35:59 Halberdier
36:44 Elite Blackwood Archer
37:30 Curare
38:02 Siege Ram
mahirnalbant09
10:18 Loom
13:14 Feudal Age
17:07 Wheelbarrow
22:25 Castle Age
20:35 Stone Mining
27:31 Horse Collar
27:42 Gold Mining
29:32 Heavy Plow
30:00 Double-Bit Axe
33:00 Padded Archer Armor
32:50 Fletching
36:26 Imperial Age
35:00 Gold Shaft Mining
35:18 Stone Shaft Mining
35:25 Leather Archer Armor
36:09 Bodkin Arrow
36:36 Hand Cart
38:55 Conscription
39:51 Rocketry
40:31 Thumb Ring
42:28 Elite Fire Lancer
47:23 Elite Chu Ko Nu
Bolle
3:11 Loom
10:21 Feudal Age
10:49 Double-Bit Axe
11:50 Wheelbarrow
12:39 Horse Collar
21:50 Castle Age
20:44 Scale Mail Armor
20:55 Forging
21:29 Gold Mining
21:32 Stone Mining
22:54 Bow Saw
22:45 Heavy Plow
23:30 Pikeman
24:11 Squires
25:42 Town Watch
27:15 Hand Cart
29:50 Man-at-Arms
30:15 Arson
30:16 Gambesons
31:50 Iron Casting
31:31 Chain Mail Armor
32:08 Long Swordsman
34:32 Caravan
37:57 Imperial Age
36:28 Town Patrol
38:05 Two-Handed Swordsman
39:58 Blast Furnace
39:27 Conscription
39:18 Champion
40:50 Wootz Steel
42:32 Plate Mail Armor
43:29 Two-Man Saw
43:52 Hoardings
45:33 Chemistry
44:46 Masonry
44:33 Murder Holes
44:59 Ballistics
45:48 Thumb Ring
45:04 Elite Skirmisher
49:06 Padded Archer Armor
48:57 Fletching
50:27 Fortified Wall
55:06 Spies/Treason
kunj2020
2:28 Loom
13:15 Feudal Age
14:07 Double-Bit Axe
14:04 Horse Collar
19:43 Castle Age
21:04 Heavy Plow
23:25 Bow Saw
28:31 Fletching
28:42 Scale Mail Armor
28:53 Forging
28:44 Padded Archer Armor
28:41 Gold Mining
28:42 Stone Mining
31:12 Town Watch
32:07 Wheelbarrow
32:19 Gold Shaft Mining
32:17 Ballistics
32:09 Fortified Wall
36:31 Imperial Age
34:21 Bodkin Arrow
35:25 Chain Mail Armor
35:46 Iron Casting
34:42 Man-at-Arms
35:27 Squires
35:13 Arson
35:39 Town Patrol
35:58 Hand Cart
35:48 Pikeman
37:44 Halberdier
38:53 Conscription
39:45 Two-Man Saw
38:58 Bracer
40:43 Chemistry
40:18 Plate Mail Armor
40:50 Blast Furnace
39:37 Elite Longbowman
41:01 Yeomen
40:38 Capped Ram
42:32 Leather Archer Armor
42:59 Siege Engineers
43:07 Masonry
42:44 Arrowslits
42:56 Murder Holes
45:02 Elite Skirmisher
46:33 Architecture
46:41 Ring Archer Armor
世锦赛冠军
9:16 Feudal Age
9:46 Double-Bit Axe
17:20 Castle Age
17:13 Horse Collar
19:39 Forging
20:58 Wheelbarrow
30:28 Imperial Age
28:55 Bow Saw
29:21 Bloodlines
30:16 Heavy Plow
30:39 Husbandry
30:00 Light Cavalry
30:54 Scale Barding Armor
30:50 Scale Mail Armor
32:18 Stirrups
31:44 Elite Konnik
33:00 Gold Mining
33:00 Stone Mining
33:40 Conscription
34:00 Iron Casting
33:45 Chain Barding Armor
35:31 Gold Shaft Mining
36:40 Hand Cart
37:21 Plate Barding Armor
37:47 Blast Furnace
36:59 Hussar
39:00 Bagains
47:03 Chain Mail Armor
46:54 Squires
46:40 Gambesons
46:40 Arson
53:22 Plate Mail Armor
Connection lost

Rejoining the realm…

Still unreachable

The connection could not be restored.

Session expired

The server has moved on; the page needs a fresh start.